 Dungeon Crawl Stone Soup version 0.28-a0-630-g0357d9c091 (webtiles) character file.

Game seed: 13100541472924723976

611 Conn the Firebug (level 7, -5/40 (42) HPs)
             Began as an Octopode Fire Elementalist on Oct 9, 2021.
             Slain by Duvessa (19 damage)
             ... on level 5 of the Dungeon.
             The game lasted 00:08:16 (4076 turns).

Conn the Firebug (Octopode Fire Elementalist)       Turns: 4076, Time: 00:08:17

HP:   -5/40 (42)    AC:  1    Str: 13    XL:     7   Next: 43%
MP:   8/11          EV: 13    Int: 19    God:
Gold: 108           SH:  0    Dex: 13    Spells: 3/12 levels left

rFire   . . .      SeeInvis +   a - +0 dagger (protect)
rCold   + . .      Faith    .   (no shield)
rNeg    . . .      Spirit   .   (helmet restricted)
rPois   .          Reflect  .   h - amulet of magic regeneration
rElec   .          Harm     .   e - ring of protection from cold
rCorr   .          Rampage  .   b - ring of see invisible
Will    .....                   t - +6 ring of strength
Stlth   ++++......              (no ring)
HPRegen 0.13/turn               (no ring)
MPRegen 0.37/turn               (no ring)
                                (no ring)
                                (no ring)

@: mighty, lightly drained
A: almost no armour, amphibious, 8 rings, camouflage 1, gelatinous body 1,
(nimble swimmer 1), tentacles
a: no special abilities


You were on level 5 of the Dungeon.
You visited 1 branch of the dungeon, and saw 5 of its levels.

You collected 108 gold pieces.

Inventory:

Hand Weapons
 a - a +0 dagger of protection (weapon)
Missiles
 n - 13 poisoned darts
 p - 5 curare-tipped darts (quivered)
Jewellery
 b - a ring of see invisible (right tentacle)
 e - a ring of protection from cold (left tentacle)
 h - an amulet of magic regeneration (around mantle)
 t - a +6 ring of strength (on tentacle)
Scrolls
 d - 2 scrolls of blinking {unknown}
 g - 3 scrolls of identify
 i - a scroll of vulnerability {unknown}
 j - a scroll of silence {unknown}
 k - a scroll of enchant armour
 l - a scroll of immolation {unknown}
 o - a scroll of teleportation {unknown}
 r - a scroll of summoning {unknown}
Potions
 f - 2 potions of berserk rage {unknown}
 m - a potion of flight {unknown}
 q - a potion of haste {unknown}
 s - a potion of lignification {unknown}


   Skills:
 + Level 0.7 Fighting
 + Level 1.7 Short Blades
 + Level 2.8 Dodging
 + Level 4.8 Stealth
 + Level 3.2 Spellcasting
 * Level 3.3 Conjurations
 * Level 2.0 Hexes
 * Level 4.9 Fire Magic


You had 3 spell levels left.
You knew the following spells:

 Your Spells              Type           Power      Damage    Failure   Level
a - Foxfire               Conj/Fire      76%        2x1d7     2%          1
b - Conjure Flame         Conj/Fire      19%        6-21      8%          3
c - Inner Flame           Hex/Fire       16%        N/A       11%         3
f - Scorch                Fire           44%        2d7       3%          2

Your spell library contained the following spells:

 Spells                   Type           Power      Damage    Failure   Level
 Magic Dart               Conj           60%        1d6       3%          1
 Searing Ray              Conj           30%        2d5       5%          2
 Static Discharge         Conj/Air       9%         N/A       11%         2
 Summon Guardian Golem    Hex/Summ       7%         N/A       28%         3
 Flame Wave               Conj/Fire      19%        3d5       26%         4
 Sticky Flame             Conj/Fire      19%        2d4       26%         4
 Fulminant Prism          Conj/Hex       6%         3d7       43%         4
 Dispel Undead            Necr           3%         3d7       83%         4
 Orb of Destruction       Conj           7%         9d3       100%        7
 Spellforged Servitor     Conj/Summ      4%         N/A       100%        7


Dungeon Overview and Level Annotations

Branches:
Dungeon (5/15)
 Temple: D:4-7

Altars:
Hepliaklqana

Annotations:
D:3 2 transporters, TimeIsEndless's ghost, novice OgGl
D:5 Duvessa


Innate Abilities, Weirdness & Mutations

You cannot wear most types of armour.
You are amphibious.
You can wear up to eight rings at the same time.
Your skin changes colour to match your surroundings (Stealth+).
Your rubbery body absorbs attacks. (AC +1, EV +1)
((You are camouflaged near water. (Stealth+)))
You have tentacles for arms and can constrict up to eight enemies at once.


Message History

You don't have enough magic to cast this spell.
Unknown command.
Okay, then.
Throw: 6 darts (curare)
Press: ? - help, Q - select action, (/) - cycle Shift-Dir - straight line, f/p - Duvessa
Aim: Duvessa, wielding a +4 short sword of draining and wearing a +0 leather armour (berserk, fast, 60% to hit)
You throw a curare-tipped dart. The curare-tipped dart hits Duvessa.
Duvessa is poisoned.
Duvessa convulses.
Duvessa seems to slow down.
Duvessa is moderately wounded.
Duvessa is engulfed in blazing flames.
Duvessa rages.
There is an escape hatch in the floor here.
Duvessa rages.
Duvessa looks more healthy.
You hear an angry hiss.
An adder comes into view.
Duvessa is no longer moving slowly.
Duvessa rages.
Casting: Inner Flame (dangerous; 11% risk of failure)
Confirm with . or Enter, or press ? or * to list all spells.
Okay, then.
Casting: Inner Flame (dangerous; 11% risk of failure)
Confirm with . or Enter, or press ? or * to list all spells.
Okay, then.
Okay, then.
Okay, then.
Unknown command.
Unknown command.
Casting: Inner Flame (dangerous; 11% risk of failure)
Confirm with . or Enter, or press ? or * to list all spells.
Okay, then.
Unknown command.
You aren't carrying any items that you can evoke.
You feel very mighty all of a sudden.
Duvessa hits you with a +4 short sword of draining!!
Ouch! That really hurt!
You feel drained.
Duvessa hits you with a +4 short sword of draining!!
You die...

###### .....#
#########
.[...#####....Se.#
......>....#####@#
......######
#.S...... ...S..#
######.## .#.##.#
.#)##.# (#S##.#
......# ##.####
...##


You could see Duvessa (berserk, fast) and 2 adders.

Vanquished Creatures
  Sigmund (D:4)
  A phantom (D:4)
  A scorpion (D:4)
  Dowan (D:5)
  A water moccasin skeleton (D:4)
  A centaur skeleton (D:4)
  Terence (D:2)
  Jessica (D:2)
  An iguana (D:4)
  A hound skeleton (D:4)
  3 gnolls (D:3)
  2 adders (D:4)
  2 worms
  4 ball pythons
  4 endoplasms
  4 giant cockroaches
  8 goblins
  6 hobgoblins
  6 quokkas
  6 bats
  2 frilled lizards
  4 kobolds
  A quokka skeleton (D:4)
  3 rats
65 creatures vanquished.

Vanquished Creatures (others)
  182 foxfires
182 creatures vanquished.

Grand Total: 247 creatures vanquished

Notes
Turn   | Place    | Note
-------+----------+-------------------------------------------
     0 | D:1      | Conn the Octopode Fire Elementalist began the quest for the
                  | Orb.
     0 | D:1      | Reached XP level 1. HP: 11/11 MP: 3/3
   255 | D:1      | Reached XP level 2. HP: 8/17 MP: 1/5
  1076 | D:1      | Reached XP level 3. HP: 21/21 MP: 6/6
  1296 | D:2      | Noticed Terence
  1311 | D:1      | Learned a level 3 spell: Conjure Flame
  1353 | D:2      | Noticed Jessica
  1362 | D:2      | Killed Jessica
  1415 | D:2      | Killed Terence
  1416 | D:2      | Reached XP level 4. HP: 27/27 MP: 2/7
  1508 | D:2      | Found a faded altar of an unknown god.
  1516 | D:2      | Got Plato's Catalogue of Conjuration
  2410 | D:3      | Found a transporter.
  2416 | D:3      | Learned a level 3 spell: Inner Flame
  2437 | D:3      | Noticed TimeIsEndless's ghost (novice OgGl)
  2615 | D:3      | Found a transporter.
  2664 | D:3      | Reached XP level 5. HP: 32/32 MP: 0/8
  2852 | D:3      | Learned a level 2 spell: Scorch
  3042 | D:3      | Reached skill level 1 in Short Blades
  3202 | D:4      | Noticed Sigmund
  3211 | D:4      | Killed Sigmund
  3212 | D:4      | Reached skill level 1 in Hexes
  3212 | D:4      | Reached XP level 6. HP: 26/37 MP: 2/10
  3680 | D:4      | Found a hazy altar of Hepliaklqana.
  3698 | D:4      | Reached XP level 7. HP: 34/42 MP: 9/11
  4038 | D:5      | Entered Level 5 of the Dungeon
  4041 | D:5      | Noticed Dowan
  4043 | D:5      | Noticed Duvessa
  4058 | D:5      | Killed Dowan
  4076 | D:5      | Slain by Duvessa

Illustrated notes

Levels and vault maps discovered:
D:1:      dpeg_arrival_boxes_within_box, layout_loops_ring,
          corexii_corridor_pit, skrybe_limestone_x,
          chequers_serial_rivers_micro_c
D:2:      layout_loops_ring, shapermc_ecumenical_altar_rom_forum,
          minmay_misc_feat_more_columns, kennysheep_pointless_box, uniq_jessica,
          uniq_terence
D:3:      layout_basic, gammafunk_ghost_arena, corexii_shack,
          chequers_serial_rivers_micro_c, grunt_decor_resistance,
          kennysheep_generic_room_8
D:4:      layout_loops_ring, lemuel_doored_altar, uniq_sigmund
D:5:      wander_river, layout_loops_cross, nicolae_qazlal_scattered_showers,
          gammafunk_temple_overflow_pools, serial_rivers,
          chequers_serial_rivers_micro_d, chequers_serial_rivers_room_b,
          chequers_serial_rivers_large_b, chequers_serial_rivers_room_a,
          minmay_mini_ossuary, uniq_duvessa, uniq_grinder

Skill      XL: |  1  2  3  4  5  6  7 |
---------------+----------------------+-----
Stealth        | 3 4 |  4.8
Conjurations   | 2 3 |  3.3
Short Blades   | 1 |  1.7
Hexes          | 1 2 |  2.0
Fire Magic     | 4 |  4.9
Spellcasting   | 3 |  3.2
Fighting       | |  0.7
Dodging        | |  2.8

Action                   |  1- 3 |  4- 6 |  7- 9 || total
-------------------------+-------+-------+-------++-------
Melee: Dagger            |    33 |    41 |     2 ||    76
       Unarmed           |     2 |       |       ||     2
       Constrict         |     8 |     9 |     1 ||    18
       Tentacles         |    10 |     9 |     1 ||    20
Throw: Dart              |       |       |     1 ||     1
 Cast: Foxfire           |    26 |    58 |    20 ||   104
       Conjure Flame     |     1 |     1 |     1 ||     3
       Inner Flame       |       |       |     2 ||     2
  Use: Scroll            |     2 |       |     1 ||     3
       Potion            |     1 |       |     1 ||     2
 Stab: Sleeping          |     6 |     4 |       ||    10
Armor: Skin              |     7 |    13 |     3 ||    23
Dodge: Dodged            |    27 |    31 |     2 ||    60

Table legend: (Time is in decaauts)
 A = Elapsed time spent in this place.
 B = Non-inter-level travel time spent in this place.
 C = Inter-level travel time spent in this place.
 D = Time resting spent in this place.
 E = Time spent auto-exploring this place.
 F = Levels seen in this place.
 G = Mean time per level.
                   A        B        C        D        E       F      G
               +--------+--------+--------+--------+--------+-----+--------+
         Total |   4071 |   3998 |     73 |      0 |   3156 |   5 |  814.2 |
       Dungeon |   4071 |   3998 |     73 |      0 |   3156 |   5 |  814.2 |
               +--------+--------+--------+--------+--------+-----+--------+

Top non-repeatable levels by time:
     D:1: 1326 daAuts
     D:2: 959 daAuts
     D:4: 882 daAuts
     D:3: 865 daAuts
     D:5: 37 daAuts
